 Dungeon Crawl Stone Soup version 0.24.0-13-gcf9b3192b9 (webtiles) character file.

Game seed: 12930773485746477041, levelgen mode: deterministic

73 Delamore the Chopper (level 4, 0/39 HPs)
             Began as a Hill Orc Monk on Nov 5, 2019.
             Killed from afar by an orc wizard (13 damage)
             ... with a puff of frost
             ... on level 3 of the Dungeon.
             The game lasted 00:02:37 (1525 turns).

Delamore the Chopper (Hill Orc Monk)                Turns: 1525, Time: 00:02:37

Health: 0/39       AC:  5    Str: 14    XL:     4   Next: 27%
Magic:  4/4        EV: 11    Int: 10    God:
Gold:   224        SH:  0    Dex: 13    Spells: 3/3 levels left

rFire    . . .     SeeInvis .   a - +0 hand axe
rCold    . . .     Gourm    +   (no shield)
rNeg     . . .     Faith    .   q - +0 ring mail
rPois    .         Spirit   .   (no helmet)
rElec    .         Reflect  .   (no cloak)
rCorr    +         Harm     .   (no gloves)
MR       .....                  (no boots)
Stlth    +.........             o - amulet of the gourmand
HPRegen  0.13/turn              n - ring of resist corrosion
MPRegen  0.09/turn              (no ring)

@: no status effects
A: no striking features
a: no special abilities


You were on level 3 of the Dungeon.
You were not hungry.

You visited 1 branch of the dungeon, and saw 3 of its levels.

You collected 224 gold pieces.

Inventory:

Hand Weapons
 a - a +0 hand axe (weapon)
Missiles
 d - 2 javelins (quivered)
Armour
 q - a +0 ring mail (worn)
Jewellery
 n - a ring of resist corrosion (left hand)
 o - an amulet of the gourmand (around neck)
Scrolls
 f - 3 scrolls of amnesia {unknown}
 h - 3 scrolls of identify {unknown}
 k - 3 scrolls of blinking {unknown}
Potions
 b - a potion of berserk rage {unknown}
 e - a potion of heal wounds {unknown}
 g - a potion of resistance {unknown}
 i - a potion of agility {unknown}
 j - a potion of haste {unknown}
 l - a potion of magic {unknown}
 m - a potion of flight {unknown}
 p - a potion of curing {unknown}
Comestibles
 c - 5 rations


   Skills:
 - Level 3.6 Fighting
 + Level 6.6 Axes
 - Level 2.4 Dodging
 - Level 1.5 Stealth


You had 3 spell levels left.
You didn't know any spells.
Your spell library was empty.

Dungeon Overview and Level Annotations

Branches:
Dungeon (3/15)

Altars:
Trog


Message History

Press: ? - help, Shift-Dir - straight line, f - orc wizard
Aim: an orc wizard, wielding a +0 dagger and wearing a +0 robe (hasn't noticed you)
You throw a javelin. The javelin misses the orc wizard.
The orc wizard points at you and mumbles some strange words.
The puff of frost hits you!
The orc wizard points at you and mumbles some strange words.
The puff of flame hits you!
You are too injured to fight recklessly!
You are too injured to fight recklessly!
You are too injured to fight recklessly!
Unknown command.
Found a scroll labeled WUDOUMNEUKK.
You hit the orc wizard but do no damage.
The orc wizard hits you with a +0 dagger.
You closely miss the orc wizard.
The orc wizard hits you with a +0 dagger.
You closely miss the orc wizard.
The orc wizard gestures at you while chanting.
The puff of frost hits you!
You die...

. . ########## .
.........# . .........#
. .........# .
.........### .
...........# . ##
.......@.#.## .. #.
?.....o..#).# #.##.
...(.....##.## #....
♣♣♣♣...$.##.)#########..
♣.♣...+.............#
...♣♣..###..#########.
♣.P ♣♣<...............
... ♣#####.#####.##..
#..# #.##..


You could see an orc wizard.

Vanquished Creatures
  3 adders (D:2)
  A dart slug (D:2)
  2 leopard geckos
  2 orcs (D:3)
  A giant cockroach (D:2)
  9 hobgoblins
  6 jackals
  2 kobolds (D:1)
  A quokka (D:2)
  3 bats
  2 frilled lizards (D:2)
  3 goblins
  2 rats
37 creatures vanquished.

Notes
Turn   | Place    | Note
-------+----------+-------------------------------------------
     0 | D:1      | Delamore the Hill Orc Monk began the quest for the Orb.
     0 | D:1      | Reached XP level 1. HP: 19/19 MP: 1/1
   224 | D:1      | Reached XP level 2. HP: 19/26 MP: 2/2
   380 | D:1      | Reached skill level 5 in Axes
   761 | D:2      | Reached XP level 3. HP: 27/31 MP: 3/3
   825 | D:2      | Reached skill level 6 in Axes
  1117 | D:2      | Reached XP level 4. HP: 26/39 MP: 4/4
  1335 | D:2      | Found a bloodstained altar of Trog.
  1425 | D:3      | Found a faded altar of an unknown god.
  1525 | D:3      | Killed from afar by an orc wizard

Levels and vault maps discovered:
D:1:      minmay_arrival_three_doors, layout_basic
D:2:      layout_basic, nicolae_overflow_hidden_temple, minmay_tromino_i2
D:3:      layout_basic, chequers_ecumenical_altar_simple_redux, serial_forest,
          infiniplex_forest_lined_room_3, infiniplex_forest_end_2,
          infiniplex_forest_3_way, infiniplex_forest_end_3,
          infiniplex_forest_lined_3, infiniplex_forest_end_2,
          infiniplex_forest_join, uniq_sigmund, uniq_ijyb

Skill      XL: |  1  2  3 |
---------------+----------+-----
Axes           | 5 6 |  6.6
Fighting       | |  3.6
Dodging        | |  2.4
Stealth        | |  1.5

Action                   |  1- 3 |  4- 6 || total
-------------------------+-------+-------++-------
Melee: Hand axe          |    87 |    24 ||   111
Throw: Javelin           |       |     4 ||     4
 Stab: Sleeping          |     2 |       ||     2
  Eat: Chunk             |     1 |     5 ||     6
Armor: Robe              |    14 |     3 ||    17
       Ring mail         |       |     4 ||     4
Dodge: Dodged            |    57 |    18 ||    75
